 Dungeon Crawl Stone Soup version 0.27-a0-1579-g97d2440184 (webtiles) character file.

Game seed: 6325223668517671220

4028 elagabalus the Severer (level 10, -4/84 HPs)
             Began as a Deep Dwarf Berserker on July 18, 2021.
             Was a Priest of Trog.
             Slain by a yak (8 damage)
             ... on level 8 of the Dungeon.
             The game lasted 00:45:16 (5620 turns).

elagabalus the Severer (Deep Dwarf Berserker)       Turns: 5620, Time: 00:45:16

Health: -4/84      AC: 12    Str: 24    XL:     10   Next: 4%
Magic:  9/9        EV:  8    Int:  8    God:    Trog [***...]
Gold:   345        SH:  0    Dex: 12    Spells: 9/9 levels left

rFire    . . .     SeeInvis .   e - +1 war axe
rCold    . . .     Faith    .   (no shield)
rNeg     . . .     Spirit   .   f - +0 chain mail
rPois    .         Reflect  .   (no helmet)
rElec    .         Harm     .   c - +2 cloak
rCorr    .         Rampage  .   m - +0 pair of gloves
Will     +++..                  (no boots)
Stlth    ..........             (no amulet)
HPRegen  1.00/turn              (no ring)
MPRegen  0.11/turn              (no ring)

@: strong-willed (expiring), regenerating (expiring)
A: damage resistance, heal wounds, sense surroundings 2, no regeneration
a: Heal Wounds, Renounce Religion, Berserk, Trog's Hand


You were on level 8 of the Dungeon.
You worshipped Trog.
Trog was most pleased with you.
You visited 2 branches of the dungeon, and saw 9 of its levels.
You also visited: Sewer.

You collected 345 gold pieces.

Inventory:

Hand Weapons
 e - a +1 war axe (weapon)
Missiles
 p - 4 curare-tipped darts
Armour
 c - a +2 cloak (worn)
 f - a +0 chain mail (worn)
 m - a +0 pair of gloves (worn)
Magical Staves
 j - a staff of death
Wands
 n - a wand of polymorph (11)
 o - a wand of iceblast (5)
 q - a wand of flame (19)
Scrolls
 l - 2 scrolls of amnesia
Potions
 a - 4 potions of might
 b - a potion of brilliance {unknown}
 d - a potion of degeneration {unknown}
 g - a potion of heal wounds {unknown}
 h - 3 potions of curing {unknown}
 i - a potion of lignification {unknown}
 k - a potion of mutation {unknown}


   Skills:
 - Level 3.0 Fighting
 * Level 15.2 Axes
 - Level 2.1 Armour
 - Level 2.1 Dodging


You had 9 spell levels left.
You didn't know any spells.
Your spell library contained the following spells:

 Spells                   Type           Power      Damage    Failure   Level
 Apportation              Tloc           0%         N/A       98%         1
 Foxfire                  Conj/Fire      0%         2x1d4     98%         1
 Conjure Flame            Conj/Fire      0%         6-21      100%        3
 Inner Flame              Hex/Fire       0%         N/A       100%        3


Dungeon Overview and Level Annotations

Branches:
Dungeon (8/15)             Temple (1/1) D:6           Sewer (visited)
   Lair: D:8-11

Altars:
Ashenzari
Cheibriados
Dithmenos
Elyvilon
Fedhas
Gozag
Kikubaaqudgha
Makhleb
Nemelex Xobeh
Okawaru
Qazlal
Ru
Sif Muna
Trog
Uskayaw
Vehumet
Wu Jian
Xom
Yredelemnul
Zin
The Shining One

Shops:
D:3 (   D:4 (


Innate Abilities, Weirdness & Mutations

You are resistant to damage.
You can heal yourself by infusing magical energy.
You passively map the area around you.
You do not regenerate.


Message History

The yak gores you.
You slash the yak!
The yak is heavily wounded.
You slash the yak! You hit the yak. x2
You feel the effects of Trog's Hand fading.
The yak gores you but does no damage. The yak barely misses you.
The yak gores you. The yak gores you!
* * * LOW HITPOINT WARNING * * *
You slash the yak!
The yak is almost dead.
Your chain mail prevents you from hitting the yak.
You slash the yak! You hit the yak but do no damage.
The yak completely misses you. The yak barely misses you. x2
You slash the yak!
The yak is severely wounded.
You hit the yak.
You kill the yak!
Trog accepts your kill.
You completely miss the yak. You hit the yak but do no damage.
The yak gores you. The yak gores you but does no damage.
You have reached level 10!
You barely miss the yak.
The yak is almost dead.
You hit the yak.
You kill the yak!
Trog accepts your kill.
Your chain mail prevents you from hitting the yak.
You barely miss the yak.
The yak is almost dead.
You slash the yak!
You recover from your berserk rage.
The yak gores you!
* * * LOW HITPOINT WARNING * * *
The yak gores you!
* * * LOW HITPOINT WARNING * * *
You closely miss the yak.
The yak is almost dead.
You closely miss the yak. The yak gores you but does no damage.
The yak gores you!
You die...

*, , *, ,,,
........##...##'## , *,,
,)........'..(...... , ,,
.........#......... , , ,
, .........#......... * *
,,, , ........#######.##
* ,
,#+#######.......###'## ,
,,,#.......#.......#.....
, ,
+.).Y†..'.......#...(. ,,
#...Y@..#.......#..... ,
, >
#...†††(#..S....+..... **
* #..(##..#......)#'####
,, , #...*#..#####..))..#
,> ,*.... .... #......# ,
#....,...... #......# ,
,,#... ,<......,#......#
,,#.##,.##.######......#
* +**,* .#####..


You could see 2 yaks.

Vanquished Creatures
  Pikel (D:7)
  4 yaks (D:8)
  A wyvern (D:7)
  A steam dragon (D:6)
  A water moccasin (D:6)
  Edmund (D:4)
  A black bear (D:5)
  An ice beast (D:7)
  An orc warrior (D:7)
  2 sky beasts
  3 necrophages
  3 ogres
  A lemure (D:7)
  A phantom (D:6)
  A bullfrog (D:8)
  A gnoll sergeant (D:6)
  A wyvern skeleton (D:6)
  6 killer bees (D:7)
  4 wights (D:8)
  A howler monkey (D:8)
  A bullfrog zombie (D:5)
  A centaur zombie (D:6)
  A jelly (D:5)
  3 orc priests
  3 hounds
  6 iguanas
  4 orc wizards
  Natasha (D:2)
  A howler monkey skeleton (D:6)
  12 gnolls
  5 adders
  An adder skeleton (D:4)
  2 dart slugs
  14 orcs
  6 endoplasms
  13 giant cockroaches
  11 goblins
  7 hobgoblins
  12 jackals
  4 quokkas
  2 ball pythons
  5 bats
  4 frilled lizards
  3 kobolds
  A rat (D:3)
159 creatures vanquished.

Vanquished Creatures (others)
  7 plants
7 creatures vanquished.

Grand Total: 166 creatures vanquished

Notes
Turn   | Place    | Note
-------+----------+-------------------------------------------
     0 | D:1      | elagabalus the Deep Dwarf Berserker began the quest for the
                  | Orb.
     0 | D:1      | Reached XP level 1. HP: 20/20 MP: 1/1
   230 | D:1      | Reached XP level 2. HP: 27/27 MP: 2/2
   307 | D:1      | Reached skill level 4 in Axes
   566 | D:1      | Reached XP level 3. HP: 29/34 MP: 3/3
   609 | D:1      | Reached ** piety under Trog
  1109 | D:2      | Found a radiant altar of Vehumet.
  1163 | D:2      | Found a faded altar of an unknown god.
  1167 | D:2      | Noticed Natasha
  1175 | D:2      | Killed Natasha
  1176 | D:2      | Reached skill level 5 in Axes
  1176 | D:2      | Reached XP level 4. HP: 42/42 MP: 4/4
  1179 | D:2      | Got Plato's Reference Book on Displacement
  1336 | D:3      | Found Agid's Weapon Boutique.
  1362 | D:3      | Reached skill level 6 in Axes
  1450 | D:3      | Reached XP level 5. HP: 49/49 MP: 5/5
  1939 | D:3      | Reached skill level 7 in Axes
  2069 | D:4      | Noticed an ogre
  2077 | D:4      | Killed an ogre
  2078 | D:4      | Reached XP level 6. HP: 56/56 MP: 5/5
  2177 | D:4      | Noticed Edmund
  2183 | D:4      | Killed Edmund
  2184 | D:4      | Reached skill level 8 in Axes
  2303 | D:4      | Found a glowing drain.
  2323 | D:4      | Reached *** piety under Trog
  2328 | Sewer    | Entered a sewer
  2444 | D:4      | Found Pauzul's Antique Weapon Shoppe.
  2510 | D:5      | Entered Level 5 of the Dungeon
  2514 | D:5      | Noticed a sky beast
  2525 | D:5      | Reached XP level 7. HP: 45/62 MP: 6/6
  2537 | D:5      | Reached skill level 9 in Axes
  2548 | D:5      | HP: 3/62 [something/puff of flame (10)]
  2914 | D:5      | Reached skill level 10 in Axes
  3502 | D:6      | Noticed a steam dragon
  3507 | D:6      | Reached XP level 8. HP: 69/69 MP: 7/7
  3512 | D:6      | Reached skill level 11 in Axes
  3540 | D:6      | Found a staircase to the Ecumenical Temple.
  3551 | Temple   | Entered the Ecumenical Temple
  4365 | D:6      | Reached skill level 12 in Axes
  4741 | D:7      | Gained mutation: You passively map the area around you.
                  | [Deep Dwarf growth]
  4741 | D:7      | Reached XP level 9. HP: 75/75 MP: 8/8
  4818 | D:7      | Reached skill level 13 in Axes
  5109 | D:7      | Noticed Pikel
  5121 | D:7      | Killed Pikel
  5122 | D:7      | Reached skill level 14 in Axes
  5519 | D:8      | Identified the +6 dagger of Midsummer {vamp, rPois rF+
                  | Str+4 Int-2 SInv}
  5612 | D:8      | Reached skill level 15 in Axes
  5618 | D:8      | Reached XP level 10. HP: 20/84 MP: 9/9
  5619 | D:8      | HP: 3/84 [yak (9)]
  5620 | D:8      | Slain by a yak

Illustrated notes

Levels and vault maps discovered:
D:1:      wander_arrival_fairy_ring, layout_basic, chequers_serial_rivers_room_a
D:2:      layout_basic, basic_altar, shapermc_ecumenical_altar_rom_forum,
          uniq_natasha
D:3:      layout_rooms, serial_shops, shop, grunt_ministairs_4,
          minmay_misc_feat_ornament, guppyfry_early_lair_pool
D:4:      layout_rooms, serial_shops, shop, gup_sewer_entry_pipe, uniq_edmund
D:5:      layout_layer_cave, nicolae_ossuary_entry_plus,
          minmay_misc_feat_pillars, lemuel_old_faithful
D:6:      layout_basic, minmay_temple_entry_nine_rooms
D:7:      layout_basic, uniq_pikel
D:8:      layout_gridville
Temple:   minmay_crystal_snake_temple

Skill      XL: |  1  2  3  4  5  6  7  8  9 |
---------------+----------------------------+-----
Axes           | 4 5 6 7 8 10 12 15 | 15.2
Fighting       | 3 |  3.0
Armour         | |  2.1
Dodging        | |  2.1

Action                   |  1- 3 |  4- 6 |  7- 9 | 10-12 || total
-------------------------+-------+-------+-------+-------++-------
Melee: Hand axe          |   100 |       |       |       ||   100
       War axe           |    16 |   112 |   274 |     3 ||   405
Invok: Berserk           |     6 |     9 |    14 |       ||    29
       Trog's Hand       |     1 |     3 |    14 |       ||    18
 Abil: Heal Wounds       |       |     1 |       |       ||     1
  Use: Scroll            |     2 |     5 |     5 |       ||    12
Armor: Animal skin       |     6 |       |       |       ||     6
       Chain mail        |    34 |    52 |   190 |     1 ||   277
       Ring mail         |    10 |       |       |       ||    10
Dodge: Dodged            |    48 |    32 |   116 |       ||   196

Table legend: (Time is in decaauts)
 A = Elapsed time spent in this place.
 B = Non-inter-level travel time spent in this place.
 C = Inter-level travel time spent in this place.
 D = Time resting spent in this place.
 E = Time spent auto-exploring this place.
 F = Levels seen in this place.
 G = Mean time per level.
                   A        B        C        D        E       F      G
               +--------+--------+--------+--------+--------+-----+--------+
         Total |   5915 |   1366 |   4549 |      0 |      0 |  10 |  591.5 |
       Dungeon |   5717 |   1347 |   4370 |      0 |      0 |   8 |  714.6 |
        Temple |    184 |      5 |    179 |      0 |      0 |   1 |  184.0 |
         Sewer |     13 |     13 |      0 |      0 |      0 |   1 |   13.0 |
               +--------+--------+--------+--------+--------+-----+--------+

Top non-repeatable levels by time:
     D:6: 857 daAuts
     D:5: 850 daAuts
     D:7: 843 daAuts
     D:1: 820 daAuts
     D:3: 760 daAuts
     D:4: 691 daAuts
     D:2: 606 daAuts
     D:8: 286 daAuts
  Temple: 184 daAuts
   Sewer: 13 daAuts
